 Dungeon Crawl Stone Soup version 0.19.0-19-g8c6edcc (webtiles) character file.

4417 lorenzova the Fighter (level 10, -3/84 HPs)
             Began as a Formicid Conjurer on Nov 14, 2016.
             Was a Priest of Qazlal.
             Slain by a gnoll
             ... wielding a +2 halberd of electrocution
              (13 damage)
             ... in a bailey on Nov 15, 2016.
             The game lasted 00:37:34 (10810 turns).

lorenzova the Fighter (Formicid Conjurer)          Turns: 10810, Time: 00:37:35

Health: -3/84      AC: 10    Str: 16    XL:     10   Next: 62%
Magic:  20/20      EV: 11    Int: 15    God:    Qazlal [***...]
Gold:   480        SH:  4    Dex: 11    Spells: 2 memorised, 20 levels left

rFire  . . .     SeeInvis +     C - +2 hand axe (chop)
rCold  + . .     Gourm    .     n - +0 scale mail
rNeg   . . .     Faith    .     (no shield)
rPois  .         Spirit   .     (helmet unavailable)
rElec  .         Reflect  .     F - +0 cloak
rCorr  .         Harm     .     (no gloves)
MR     +....                    (no boots)
Stlth  +.........               (no amulet)
                                (no ring)
                                N - ring of protection from cold

@: very slightly contaminated
A: permanent stasis, dig shafts and tunnels, four strong arms, antennae 3,
blurry vision 2, regeneration 1
a: Dig, Shaft Self, Upheaval, Elemental Force, Renounce Religion


You were in a bailey.
You worshipped Qazlal.
Qazlal was most pleased with you.
You were hungry.

You visited 2 branches of the dungeon, and saw 10 of its levels.
You also visited: Bailey.

You collected 480 gold pieces.

Inventory:

Hand Weapons
 t - a +1 mace of protection
 u - a +0 flail of draining
 y - a +0 arbalest
 C - a +2 hand axe of chopping (weapon)
Missiles
 v - 33 bolts
 x - 4 tomahawks of returning (quivered)
Armour
 n - a +0 scale mail (worn)
 F - a +0 cloak (worn)
Jewellery
 N - a ring of protection from cold (left hand)
Wands
 q - a wand of heal wounds (6/9)
 O - a wand of lightning (6/15)
Scrolls
 d - a scroll of vulnerability {unknown}
 e - a scroll of enchant armour {unknown}
 k - 2 scrolls of noise {unknown}
 l - 3 scrolls of fear {unknown}
 o - a scroll of magic mapping {unknown}
 p - 8 scrolls of remove curse
 s - a scroll of random uselessness {unknown}
 E - 2 scrolls of teleportation {unknown}
 G - 3 scrolls of recharging
 H - a scroll of blinking {unknown}
 J - 3 scrolls of enchant weapon {unknown}
 K - a scroll of amnesia {unknown}
Potions
 g - a potion of might
 h - 2 potions of agility
 r - a potion of brilliance
 w - 3 potions of curing
 z - 2 potions of flight
 B - a potion of beneficial mutation {unknown}
 D - 2 potions of magic {unknown}
Books
 b - a book of Conjurations

   Spells                             Type                      Level
   a - Magic Dart                     Conjuration                  1
   b - Searing Ray                    Conjuration                  2
   c - Dazzling Spray                 Conjuration/Hexes            3
   d - Fulminant Prism                Conjuration/Hexes            4
   e - Iskenderun's Mystic Blast      Conjuration                  4
   f - Iskenderun's Battlesphere      Conjuration/Charms           5
 i - a book of Battle

   Spells                             Type                      Level
   a - Infusion                       Charms                       1
   b - Shroud of Golubria             Charms/Translocation         2
   c - Song of Slaying                Charms                       2
   d - Spectral Weapon                Hexes/Charms                 3
   e - Regeneration                   Charms/Necromancy            3
 j - a book of Party Tricks

   Spells                             Type                      Level
   a - Summon Butterflies             Summoning                    1
   b - Apportation                    Translocation                1
   c - Lesser Beckoning               Translocation                3
   d - Tukima's Dance                 Hexes                        3
   e - Alistair's Intoxication        Transmutation/Poison         5
   f - Invisibility                   Hexes                        6
 A - a book of Air

   Spells                             Type                      Level
   a - Shock                          Conjuration/Air              1
   b - Swiftness                      Charms/Air                   2
   c - Repel Missiles                 Charms/Air                   2
   d - Static Discharge               Conjuration/Air              3
   e - Lightning Bolt                 Conjuration/Air              5
 I - a book of Minor Magic

   Spells                             Type                      Level
   a - Magic Dart                     Conjuration                  1
   b - Blink                          Translocation                2
   c - Call Imp                       Summoning                    2
   d - Repel Missiles                 Charms/Air                   2
   e - Slow                           Hexes                        2
   f - Conjure Flame                  Conjuration/Fire             3
   g - Mephitic Cloud                 Conjuration/Poison/Air       3
 L - a book of Maledictions

   Spells                             Type                      Level
   a - Corona                         Hexes                        1
   b - Ensorcelled Hibernation        Hexes/Ice                    2
   c - Confuse                        Hexes                        3
   d - Tukima's Dance                 Hexes                        3
   e - Dazzling Spray                 Conjuration/Hexes            3
 M - a book of Enchantments

   Spells                             Type                      Level
   a - Cause Fear                     Hexes                        4
   b - Yara's Violent Unravelling     Hexes/Transmutation          5
   c - Silence                        Hexes/Air                    5
   d - Deflect Missiles               Charms/Air                   6
   e - Discord                        Hexes                        8
Comestibles
 c - 11 bread rations
 f - 7 beef jerkies
 m - a slice of pizza


   Skills:
 * Level 9.6 Fighting
 * Level 9.5 Armour
 - Level 4.5 Dodging
 - Level 2.4 Stealth
 * Level 6.6 Spellcasting
 - Level 3.7 Conjurations


You had 20 spell levels left.
You knew the following spells:

 Your Spells              Type           Power        Failure   Level  Hunger
a - Magic Dart            Conj           ###.         12%         1    None
b - Infusion              Chrm           #...         41%         1    None


Dungeon Overview and Level Annotations

Branches:
Dungeon (9/15)             Temple (1/1) D:5            Lair (0/6) D:8
    Orc: D:9-12

Altars:
Ashenzari
Cheibriados
Dithmenos
Elyvilon
Fedhas
Gozag
Hepliaklqana
Kikubaaqudgha
Makhleb
Nemelex Xobeh
Okawaru
Qazlal
Ru
Sif Muna
Trog
Uskayaw
Vehumet
Xom
Yredelemnul
Zin
The Shining One

Shops:
D:3 *

Annotations:
D:9 Gastronok


Innate Abilities, Weirdness & Mutations

You are under a permanent stasis effect.
You can dig through walls and to a lower floor.
Your four strong arms can wield two-handed weapons with a shield.
You have a pair of large antennae on your head. (SInv)
Scrolls take you longer to read.
Your natural rate of healing is unusually fast.


Message History

The gnoll hits you with a halberd.
* * * LOW HITPOINT WARNING * * *
You barely miss the gnoll.
The gnoll is moderately wounded.
You hit the gnoll.
You kill the gnoll!
Qazlal accepts your kill. The gnoll hits you but does no damage.
The gnoll hits you with a halberd of electrocution.
* * * LOW HITPOINT WARNING * * *
You hit the gnoll.
The gnoll is almost dead.
You hear a shout! x4
The gnoll closely misses you.
You hit the gnoll but do no damage.
The gnoll is almost dead.
The gnoll hits you with a halberd of electrocution.
* * * LOW HITPOINT WARNING * * *
You are electrocuted!
You die...

### ## #
#(## .# .'
##(##'##'#
##)(...#
###g)...###
#.'@§∩..'.#
###(§...###
#....!#
'##'##'# .#
.# #.# ##
## ## { { {
{ {


You could see a gnoll.

Vanquished Creatures
  A hornet (D:8)
  2 hippogriffs
  A two-headed ogre (D:9)
  Sigmund (D:5)
  A human (D:7)
  A water moccasin (D:6)
  2 sky beasts
  A hornet zombie (D:9)
  5 ogres
  A centaur (D:8)
  A big kobold (D:5)
  2 bullfrogs
  A water moccasin skeleton (D:9)
  A scorpion (D:8)
  3 killer bees
  9 wights
  3 howler monkeys
  2 bullfrog zombies (D:8)
  A centaur zombie (D:7)
  4 crimson imps
  4 hounds
  2 human zombies (D:7)
  2 jellies
  A quasit (D:6)
  2 gnoll shamans
  8 orc priests
  2 iguanas
  6 orc wizards
  A bullfrog skeleton (D:8)
  5 worker ants
  A hound zombie (D:4)
  10 gnolls
  A worker ant zombie (D:7)
  11 adders
  A howler monkey skeleton (D:4)
  A river rat (D:8)
  An ooze (D:3)
  An adder skeleton (D:9)
  A worm (D:3)
  2 dart slugs
  6 leopard geckos
  39 orcs
  4 ball pythons
  7 giant cockroaches
  9 goblins
  8 hobgoblins
  20 jackals
  19 kobolds
  5 quokkas
  16 bats
  6 frilled lizards
  2 leopard gecko skeletons
  A leopard gecko zombie (D:8)
  12 rats
  5 fungi (D:8)
265 creatures vanquished.

Vanquished Creatures (others)
  A hobgoblin (Bailey)
1 creature vanquished.

Grand Total: 266 creatures vanquished

Notes
Turn   | Place    | Note
-------+----------+-------------------------------------------
     0 | D:1      | lorenzova the Formicid Conjurer began the quest for the Orb.
     0 | D:1      | Reached XP level 1. HP: 13/13 MP: 3/3
   213 | D:1      | Reached XP level 2. HP: 19/19 MP: 1/5
   599 | D:1      | Reached skill level 1 in Armour
   680 | D:1      | Reached skill level 1 in Fighting
   680 | D:1      | Reached XP level 3. HP: 23/26 MP: 4/6
   993 | D:1      | Reached XP level 4. HP: 29/33 MP: 4/7
  1664 | D:2      | Found a sacrificial altar of Ru.
  1803 | D:2      | Noticed a hand axe
  1803 | D:2      | Noticed an enchanted hand axe
  1804 | D:2      | Found a hide-covered altar of Uskayaw.
  1890 | D:2      | Found a shattered altar of Ashenzari.
  2383 | D:2      | Found a stormy altar of Qazlal.
  2403 | D:2      | Reached XP level 5. HP: 30/39 MP: 2/8
  3253 | D:3      | Reached XP level 6. HP: 29/47 MP: 9/9
  3356 | D:3      | Found Gozag's Platinum Reserve.
  3384 | D:3      | Found a hazy altar of Hepliaklqana.
  3423 | D:3      | Found an opulent altar of Gozag.
  3752 | D:3      | Found a glowing golden altar of the Shining One.
  4184 | D:4      | Reached XP level 7. HP: 52/54 MP: 10/10
  4452 | D:4      | Found a bloodstained altar of Trog.
  5236 | D:4      | Reached skill level 5 in Fighting
  5246 | D:5      | Entered Level 5 of the Dungeon
  5319 | D:5      | Found a staircase to the Ecumenical Temple.
  5341 | Temple   | Entered the Ecumenical Temple
  5701 | D:2      | Became a worshipper of Qazlal Stormbringer
  5834 | D:4      | Reached skill level 5 in Armour
  6219 | D:4      | Reached XP level 8. HP: 17/63 MP: 11/11
  7157 | D:5      | HP: 2/64 [kobold (2)]
  7160 | D:5      | Gained mutation: Scrolls take you a little longer to read. [potion of mutation]
  7160 | D:5      | Gained mutation: Your natural rate of healing is unusually fast. [potion of mutation]
  7160 | D:5      | Gained mutation: Scrolls take you longer to read. [potion of mutation]
  7162 | D:5      | HP: 1/64 [poisoned by kobold (curare-tipped needle)]
  7167 | D:5      | HP: 3/96 [poisoned by kobold (curare-tipped needle)]
  7586 | D:5      | Reached * piety under Qazlal
  7713 | D:5      | Noticed Sigmund
  7740 | D:5      | Killed Sigmund
  7992 | D:6      | Learned a level 1 spell: Infusion
  8016 | D:6      | Reached XP level 9. HP: 68/72 MP: 12/12
  8317 | D:6      | Reached ** piety under Qazlal
  8565 | D:6      | Found Jaresh's Weapon Boutique.
  8740 | D:6      | Found a deep blue altar of Sif Muna.
  8977 | D:7      | Found a snail-covered altar of Cheibriados.
  9324 | D:7      | Reached skill level 5 in Spellcasting
  9357 | D:7      | Found an iron altar of Okawaru.
  9357 | D:7      | Found an opulent altar of Gozag.
  9400 | D:7      | Found a runed door.
  9424 | D:7      | Found a basalt altar of Yredelemnul.
  9474 | D:7      | Reached XP level 10. HP: 60/82 MP: 17/17
  9662 | D:8      | Found a staircase to the Lair.
  9892 | D:7      | Reached *** piety under Qazlal
 10226 | D:8      | Found a stormy altar of Qazlal.
 10367 | D:8      | Found a sparkling altar of Nemelex Xobeh.
 10654 | D:9      | Found a flagged portal.
 10766 | D:9      | Noticed Gastronok
 10767 | Bailey   | Entered a bailey
 10810 | Bailey   | Slain by a gnoll

Skill      XL: |  1  2  3  4  5  6  7  8  9 10 |
---------------+-------------------------------+-----
Armour         | 1 2 3 4 5 6 8 9 |  9.5
Fighting       | 1 2 3 4 5 7 8 9 |  9.6
Dodging        | 2 3 4 |  4.5
Spellcasting   | 5 6 |  6.6
Stealth        | |  2.4
Conjurations   | |  3.7

Action                   |  1- 3 |  4- 6 |  7- 9 | 10-12 || total
-------------------------+-------+-------+-------+-------++-------
Melee: Dagger            |   139 |   262 |       |       ||   401
       Mace              |       |   174 |   428 |   184 ||   786
       Hand axe          |       |       |   228 |    25 ||   253
 Fire: Arbalest          |       |       |       |     6 ||     6
Throw: Tomahawk          |       |       |     8 |       ||     8
 Cast: Magic Dart        |    39 |    20 |     1 |       ||    60
  Use: Scroll            |       |     1 |     6 |     1 ||     8
       Potion            |       |       |     7 |     1 ||     8
 Stab: Invisible         |       |       |       |     2 ||     2
  Eat: Chunk             |     1 |    12 |    13 |       ||    26
       Meat ration       |       |       |     1 |       ||     1
       Fruit             |       |       |       |     4 ||     4
       Pizza             |       |       |       |     1 ||     1
Armor: Robe              |     8 |       |       |       ||     8
       Scale mail        |    90 |   277 |   378 |   181 ||   926
Dodge: Dodged            |    98 |   263 |   464 |   253 ||  1078
Block: Other             |       |       |    47 |    73 ||   120
